 Dungeon Crawl Stone Soup version 0.30-a0-610-gb513c0a51f (webtiles) character file.

Game seed: 14055092385469639833

109 CoinPitGoblin the Stinger (level 4, 0/36 HPs)
             Began as a Naga Venom Mage on Jan 8, 2023.
             Slain by a gnoll
             ... wielding a +0 spear
              (7 damage)
             ... on level 3 of the Dungeon.
             The game lasted 00:07:32 (2649 turns).

CoinPitGoblin the Stinger (Naga Venom Mage)         Turns: 2649, Time: 00:07:33

Health: 0/36       AC:  2    Str: 11    XL:     4   Next: 90%
Magic:  3/8        EV: 10    Int: 17    God:
Gold:   84         SH:  5    Dex: 11    Spells: 6/9 levels left

rFire   . . .      SeeInvis +    g - +0 mace (drain)
rCold   . . .      Faith    .    (no shield)
rNeg    . . .      Spirit   .    a - +0 robe
rPois   +          Reflect  +    (no helmet)
rElec   .          Harm     .    (no cloak)
rCorr   .          Rampage  .    (no gloves)
Will    .....                    (no barding)
Stlth   ++                       e - amulet of reflection
HPRegen 0.26/turn                (no ring)
MPRegen 0.11/turn                (no ring)

@: short of breath, very slow
A: AC +1, large, see invisible, deformed body, poison resistance, slowness 2,
spit poison 1, naga tail 1
a: Spit Poison


You were on level 3 of the Dungeon.
You visited 1 branch of the dungeon, and saw 3 of its levels.

You collected 84 gold pieces.

Inventory:

Hand Weapons
 f - a +1 dagger
 g - a +0 mace of draining (weapon)
Armour
 a - a +0 robe (worn)
Jewellery
 e - an amulet of reflection (around neck)
Scrolls
 c - a scroll of fog
 h - 2 scrolls of teleportation
 l - 3 scrolls of identify
Potions
 b - a potion of magic
 d - 4 potions of curing
 j - a potion of might {unknown}
 k - 2 potions of haste


   Skills:
 + Level 0.1 Fighting
 + Level 1.9 Dodging
 - Level 3.0 Stealth
 + Level 3.3 Spellcasting
 - Level 1.0 Transmutations
 + Level 5.7 Poison Magic


You had 6 spell levels left.
You knew the following spells:

 Your Spells              Type           Power      Damage    Failure   Level
a - Poisonous Vapours     Pois/Air       24%        N/A       8%          2
q - Sting                 Tmut/Pois      56%        1d5       4%          1

Your spell library contained the following spells:

 Spells                   Type           Power      Damage    Failure   Level
 Olgreb's Toxic Radiance  Pois           22%        N/A       16%         4
 Slow                     Hex            8%         N/A       17%         1
 Mephitic Cloud           Conj/Pois/Air  9%         N/A       24%         3
 Confusing Touch          Hex            2%         N/A       45%         3
 Ozocubu's Armour         Ice            2%         N/A       45%         3
 Vampiric Draining        Necr           2%         2d6       45%         3
 Ozocubu's Refrigeration  Ice            1%         4d7       100%        7


Dungeon Overview and Level Annotations

Branches:
Dungeon (3/15)

Altars:
The Shining One


Innate Abilities, Weirdness & Mutations

Your serpentine skin is tough. (AC +1)
You have supernaturally acute eyesight. (SInv)
Armour fits poorly on your strangely shaped body.
Your system is resistant to poisons. (rPois)
You cover ground very slowly.
You can spit poison.
You have a snake-like lower body.


Message History

The gnoll hits you with a +0 club!
You hit the gnoll.
The gnoll is severely wounded.
You kill the gnoll!
The gnoll barely misses you.
The sting hits the gnoll.
The gnoll is poisoned.
The gnoll is moderately wounded.
The gnoll closely misses you. You block the gnoll's attack.
The sting hits the gnoll.
The gnoll looks even sicker.
The gnoll is almost dead.
You kill the gnoll!
The gnoll hits you from afar with a +0 spear.
The sting hits the gnoll but does no damage.
The gnoll is poisoned.
The gnoll barely misses you.
The sting hits the gnoll but does no damage.
The gnoll looks even sicker.
The gnoll barely misses you.
The sting misses the gnoll.
The gnoll hits you from afar with a +0 spear.
The gnoll hits you with a +0 spear.
Items here: ))) ††.
You are too injured to fight recklessly!
You are too injured to fight recklessly!
You are too injured to fight recklessly!
Aiming: Spit Poison (1% risk of failure)
Press: ? - help, Shift-Dir - straight line, f/p - gnoll
Aim: a gnoll, wielding a +0 spear (lightly wounded, very poisoned, 65% to hit)
The splash of poison misses the gnoll.
You block the gnoll's attack.
Unknown command.
You closely miss the gnoll.
The gnoll is moderately wounded.
The gnoll barely misses you. The gnoll hits you with a +0 spear.
The adder hisses angrily.
You hit the gnoll but do no damage.
The gnoll is moderately wounded.
The gnoll hits you with a +0 spear!
* * * LOW HITPOINT WARNING * * *
You hit the gnoll.
The gnoll is moderately wounded.
The gnoll hits you with a +0 spear!
You die...

.#...≈≈≈§≈ .###
..≈≈≈≈≈≈ .... .......
### ... #S.... ... ..#
#....# #.# ..# #....
#.# ..#
.#.##.#.########.##..#
.......g@............#
#####.####$####.....##
# #.# #.###.# #.# #.#
.# #.# #†# .# #.# #.#
.# #.# #.# >#
#.####.###.##. #
#.....#.##.


You could see a gnoll (poisoned) and an adder.

Vanquished Creatures
  3 gnolls (D:3)
  4 adders
  2 dart slugs
  6 endoplasms
  A giant cockroach (D:1)
  5 hobgoblins
  3 kobolds
  A quokka (D:2)
  2 ball pythons
  4 bats (D:1)
  5 frilled lizards
  3 goblins (D:1)
  5 rats
44 creatures vanquished.

Notes
Turn   | Place    | Note
-------+----------+-------------------------------------------
     0 | D:1      | CoinPitGoblin the Naga Venom Mage began the quest for the
                  | Orb.
     0 | D:1      | Reached XP level 1. HP: 15/15 MP: 3/3
   386 | D:1      | Reached XP level 2. HP: 21/22 MP: 0/5
  1115 | D:1      | Learned a level 2 spell: Poisonous Vapours
  1151 | D:1      | Reached XP level 3. HP: 28/28 MP: 4/6
  1155 | D:1      | Reached skill level 5 in Poison Magic
  2000 | D:2      | Reached XP level 4. HP: 19/36 MP: 2/8
  2174 | D:2      | Found a glowing golden altar of the Shining One.
  2649 | D:3      | Slain by a gnoll

Illustrated notes

Levels and vault maps discovered:
D:1:      reono_arrival_forest_river, layout_basic, serial_glass,
          glass_columns_b, glass_columns_b, minmay_tromino_i2
D:2:      layout_loops_cross, basic_altar
D:3:      layout_loops_ring, mainiacjoe_overflow_catwalk,
          nzn_hepliaklqana_mist_gate, shapermc_ecumenical_altar_venn,
          dk_vineyard_3

Skill      XL: |  1  2  3  4 |
---------------+-------------+-----
Poison Magic   | 5 |  5.7
Spellcasting   | 3 |  3.3
Fighting       | |  0.1
Dodging        | |  1.9
Stealth        | |  3.0
Transmutations | |  1.0

Action                   |  1- 3 |  4- 6 || total
-------------------------+-------+-------++-------
Melee: Unarmed           |    12 |       ||    12
       Dagger            |    29 |       ||    29
       Punch             |     1 |       ||     1
       Mace              |       |     7 ||     7
 Cast: Sting             |    62 |    17 ||    79
       Poisonous Vapours |     1 |       ||     1
 Abil: Spit Poison       |    14 |     2 ||    16
  Use: Scroll            |     5 |     3 ||     8
Armor: Robe              |     8 |     1 ||     9
Dodge: Dodged            |    33 |     8 ||    41
Block: Other             |    11 |     3 ||    14

Table legend: (Time is in decaauts)
 A = Elapsed time spent in this place.
 B = Non-inter-level travel time spent in this place.
 C = Inter-level travel time spent in this place.
 D = Time resting spent in this place.
 E = Time spent auto-exploring this place.
 F = Levels seen in this place.
 G = Mean time per level.
                   A        B        C        D        E       F      G
               +--------+--------+--------+--------+--------+-----+--------+
         Total |   3328 |   3156 |    172 |     54 |   2734 |   3 | 1109.3 |
       Dungeon |   3328 |   3156 |    172 |     54 |   2734 |   3 | 1109.3 |
               +--------+--------+--------+--------+--------+-----+--------+

Top non-repeatable levels by time:
     D:1: 1889 daAuts
     D:2: 1286 daAuts
     D:3: 153 daAuts
